Map: Ruins of Seras

Players

Patience - Winner!

  • Race: Protoss Protoss
  • League: Platinum

SolaCe (Nina)

  • Race: Protoss Protoss
  • League: Master

Event: ASL Season 5 Prime League LOTV Beta

VOD

Have the link to the VOD?

Description

Time

  • Played on: Sept. 30, 2015, 9:14 p.m.
  • Length: 17:57

All games in this series

Show
View Real Time Build Order
Export as new Build Order

Patience Protoss - Winner!

Build Orders:  

Get SALT Encoding   

  12  0:00  Probe (Chrono Boost)  
  13  0:15  Pylon  
  13  0:17  Probe (Chrono Boost)  
  14  0:27  Probe (Chrono Boost)  
  15  0:36  Gateway  
  15  0:38  Probe (Chrono Boost)  
  16  0:48  Probe (Chrono Boost)  
  17  0:57  Probe (Chrono Boost)  
  17  0:59  Assimilator  
  18  1:08  Probe (Chrono Boost)  
  19  1:18  Probe (Chrono Boost)  
  19  1:24  Cybernetics Core  
  20  1:28  Probe (Chrono Boost)  
  21  1:38  Probe (Chrono Boost)  
  22  1:46  Nexus  
  22  1:50  Pylon  
  22  1:51  Probe (Chrono Boost)  
  23  1:57  Assimilator  
  23  2:06  Adept (Chrono Boost)  
  25  2:10  Mothership Core  
  27  2:16  Warp Gate (Chrono Boost)  
  27  2:31  Probe (Chrono Boost)  
  27  2:43  Probe  
  28  2:47  Robotics Facility  
  28  2:50  Gateway  
  28  2:55  Gateway  
  28  2:58  Probe  
  29  3:02  Pylon  
  29  3:10  Probe  
  29  3:12  Probe  
  30  3:21  Probe  
  30  3:24  Probe  
  30  3:33  Gateway  
  30  3:40  Immortal (Chrono Boost)  
  34  4:00  Pylon  
  34  4:09  Adept x3  
  39  4:14  Immortal  
  42  4:31  Sentry x2, Pylon  
  44  4:35  Sentry  
  48  4:42  Adept  
  50  4:51  Probe x2  
  52  4:59  Stalker  
  58  5:08  Adept x2  
  58  5:09  Adept  
  58  5:14  Immortal  
  58  5:27  Adept  
  60  5:38  Adept x2  
  60  5:41  Adept  
  66  5:57  Pylon  
  66  5:58  Pylon  
  62  6:08  Adept  
  62  6:10  Pylon  
  62  6:11  Adept  
  60  6:14  Adept  
  47  6:28  Probe (Chrono Boost)  
  47  6:29  Probe (Chrono Boost)  
  49  6:34  Gateway  
  49  6:40  Mothership Core (Chrono Boost)  
  49  6:41  Probe (Chrono Boost)  
  52  6:49  Sentry x2  
  52  6:51  Probe (Chrono Boost)  
  57  6:58  Stalker  
  59  7:05  Probe x2 (Chrono Boost)  
  61  7:12  Adept  
  61  7:15  Probe x2 (Chrono Boost)  
  65  7:26  Probe x2 (Chrono Boost)  
  65  7:27  Stalker  
  73  7:45  Adept  
  73  7:46  Adept x3  
  76  7:52  Immortal (Chrono Boost)  
  76  7:57  Stalker  
  82  8:07  Pylon  
  82  8:14  Probe  
  82  8:16  Probe  
  84  8:21  Assimilator  
  84  8:22  Assimilator  
  84  8:24  Probe  
  85  8:28  Probe  
  85  8:34  Probe  
  86  8:36  Stargate  
  87  8:44  Pylon  
  87  8:51  Forge  
  87  9:00  Probe, Warp Prism (Chrono Boost)  
  87  9:02  Probe  
  91  9:12  Twilight Council  
  91  9:14  Probe  
  90  9:24  Adept x2  
  90  9:27  Pylon  
  90  9:29  Pylon  
  92  9:32  Protoss Ground Weapons Level 1  
  92  9:33  Photon Cannon  
  92  9:36  Phoenix (Chrono Boost)  
  94  9:39  Pylon  
  94  9:59  Probe x2  
  96  10:00  Phoenix (Chrono Boost)  
  96  10:05  Nexus  
  98  10:08  Robotics Bay  
  98  10:12  Photon Cannon  
  98  10:27  Stalker x3  
  82  10:48  Disruptor  
  80  10:50  Adept x2  
  80  10:51  Adept x2  
  91  11:00  Probe x2  
  89  11:12  Adept x3  
  89  11:17  Disruptor  
  94  11:30  Gateway  
  94  11:32  Gateway  
  94  11:34  Pylon  
  94  11:43  Adept  
  94  11:45  Shield Upgrade  
  94  11:47  Disruptor  
  99  11:58  Templar Archives  
  99  12:03  Adept x3  
  99  12:05  Adept  
  107  12:16  Disruptor, Pylon  
  96  12:32  Adept x4  
  100  12:45  Disruptor  
  100  12:48  Adept  
  100  12:49  Adept  
  104  12:56  Adept x2  
  104  12:57  Adept x2  
  115  13:07  High Templar x2  
  115  13:11  Archon  
  119  13:14  Immortal  
  119  13:16  Robotics Facility  
  119  13:26  Probe x3  
  126  13:29  Assimilator  
  126  13:31  Photon Cannon  
  126  13:32  Assimilator  
  126  13:33  Pylon  
  120  13:50  Disruptor  
  110  14:07  Immortal (Chrono Boost)  
  114  14:22  Disruptor (Chrono Boost)  
  100  14:25  Adept x6  
  100  14:28  Protoss Ground Weapons Level 2 (Chrono Boost)  
  109  14:43  Immortal (Chrono Boost)  
  113  14:50  Stalker x5  
  113  14:52  Pylon  
  123  14:57  Stalker  
  125  15:08  Disruptor (Chrono Boost)  
  126  15:18  Warp Prism (Chrono Boost)  
  128  15:35  Pylon  
  128  15:41  Immortal  
  128  15:44  Immortal  
  132  15:55  Gateway  
  134  16:13  Disruptor  
  134  16:16  Disruptor  
  129  16:37  Stalker x5  
  139  16:40  Nexus  
  133  16:51  Disruptor  
  134  17:01  Disruptor  
  127  17:24  Stalker x4  
  127  17:26  Adept x2  
Show
View Real Time Build Order
Export as new Build Order

SolaCe Protoss 

Build Orders:  

Get SALT Encoding   

  12  0:00  Probe (Chrono Boost)  
  13  0:10  Probe (Chrono Boost)  
  14  0:19  Pylon  
  14  0:21  Probe (Chrono Boost)  
  15  0:37  Probe (Chrono Boost)  
  15  0:38  Gateway  
  16  0:47  Probe (Chrono Boost)  
  17  0:57  Probe (Chrono Boost), Assimilator x2  
  18  1:09  Probe (Chrono Boost)  
  19  1:19  Probe (Chrono Boost)  
  20  1:26  Cybernetics Core  
  20  1:31  Probe (Chrono Boost)  
  21  1:37  Pylon  
  21  1:41  Probe (Chrono Boost)  
  22  1:51  Probe (Chrono Boost)  
  23  1:54  Pylon  
  23  2:02  Mothership Core (Chrono Boost)  
  23  2:04  Adept, Warp Gate  
  27  2:23  Robotics Facility  
  27  2:32  Adept  
  29  2:43  Gateway  
  29  2:47  Gateway  
  29  2:55  Gateway  
  29  3:08  Immortal (Chrono Boost)  
  31  3:29  Pylon  
  31  3:41  Immortal (Chrono Boost)  
  35  4:13  Adept x4, Warp Prism (Chrono Boost)  
  43  4:22  Pylon  
  43  4:36  Adept x2  
  47  4:44  Adept  
  49  4:49  Pylon  
  49  5:02  Adept  
  49  5:03  Adept  
  53  5:08  Adept  
  53  5:20  Sentry  
  55  5:23  Sentry x2  
  55  5:25  Pylon  
  57  5:35  Adept  
  59  5:47  Sentry  
  59  5:48  Sentry x2  
  55  6:12  Adept x2  
  55  6:13  Adept  
  55  6:14  Adept  
  35  6:29  Probe  
  36  6:45  Sentry x2  
  40  6:48  Probe  
  41  7:00  Probe  
  38  7:17  Robotics Bay  
  38  7:29  Stalker  
  40  7:32  Adept  
  42  7:37  Nexus  
  42  7:39  Pylon  
  42  7:41  Pylon  
  42  7:43  Adept  
  43  7:55  Pylon x2  
  43  7:58  Pylon  
  43  7:59  Sentry  
  43  8:05  Probe  
  46  8:12  Adept x2  
  50  8:20  Pylon  
  50  8:28  Probe  
  54  8:43  Probe  
  55  9:00  Probe, Assimilator  
  53  9:03  Probe  
  53  9:08  Assimilator  
  54  9:11  Robotics Facility  
  54  9:12  Adept  
  56  9:23  Probe  
  56  9:27  Probe  
  56  9:28  Pylon  
  58  9:35  Probe  
  59  9:45  Probe  
  60  9:55  Probe  
  60  9:57  Disruptor (Chrono Boost)  
  64  10:01  Adept x2  
  64  10:02  Adept  
  70  10:08  Probe  
  71  10:18  Probe  
  71  10:20  Probe  
  70  10:22  Stalker x2  
  70  10:27  Disruptor (Chrono Boost)  
  71  10:32  Sentry  
  74  10:38  Probe  
  73  10:46  Probe  
  73  10:48  Adept  
  76  10:55  Adept  
  76  10:56  Gateway, Disruptor (Chrono Boost)  
  78  11:02  Probe  
  81  11:09  Adept  
  79  11:27  Nexus  
  79  11:29  Sentry  
  79  11:30  Sentry  
  83  11:39  Pylon  
  83  11:52  Pylon  
  83  11:53  Pylon  
  78  12:13  Pylon  
  67  12:40  Probe  
  67  12:41  Disruptor (Chrono Boost)  
  67  12:42  Twilight Council  
  71  12:53  Probe  
  71  12:55  Probe  
  73  13:02  Stalker x2  
  73  13:03  Probe  
  77  13:07  Nexus  
  77  13:10  Disruptor (Chrono Boost)  
  81  13:16  Probe  
  77  13:30  Probe  
  78  13:39  Disruptor (Chrono Boost)  
  81  13:44  Probe  
  81  13:46  Stalker, Assimilator  
  81  13:47  Assimilator  
  83  13:58  Stalker  
  83  13:59  Archon x2  
  81  14:08  Disruptor (Chrono Boost)  
  81  14:12  Blink (Chrono Boost)  
  84  14:25  Probe  
  84  14:30  Pylon  
  83  14:36  Nexus  
  83  14:39  Disruptor  
  83  14:42  Forge  
  86  14:50  Adept  
  88  14:59  Adept  
  81  15:13  Gateway  
  76  15:24  Pylon  
  74  15:29  Adept  
  76  15:39  Adept  
  73  15:48  Pylon  
  71  15:50  Probe x2  
  73  16:02  Probe x2  
  61  16:08  Adept  
  58  16:14  Probe x2  
  60  16:26  Probe  
  60  16:27  Probe  
  60  16:30  Stalker x2  
  50  16:37  Observer  
  50  16:39  Probe x2  
  52  16:47  Stalker  
  52  16:51  Probe x2  
  56  17:02  Disruptor (Chrono Boost)  
  56  17:03  Probe x2  
  58  17:15  Probe x2  
  57  17:24  Stalker  
  57  17:25  Stalker, Probe  
  57  17:27  Probe x2  
  64  17:31  Stalker  
  64  17:35  Probe  
  66  17:39  Probe x2  
Tags
 
Add a new tag
Caveats
  • Supply blocks, unpowered buildings, or Contaminate may cause inaccurate times.
  • Supply counts are checked every 10 seconds.